 Dungeon Crawl Stone Soup version 0.19.5 (webtiles) character file.

613 blider the Caller (level 7, -19/40 HPs)
             Began as a Tengu Summoner on Apr 3, 2017.
             Demolished by Prince Ribbit (20 damage)
             ... on level 4 of the Dungeon on Apr 7, 2017.
             The game lasted 00:30:19 (5850 turns).

blider the Caller (Tengu Summoner)                  Turns: 5850, Time: 00:30:20

Health: -19/40     AC:  3    Str:  6 (8)  XL:     7   Next: 44%
Magic:  1/13       EV: 14    Int: 20 (21) God:
Gold:   288        SH:  0    Dex: 13 (14) Spells: 3 memorised, 5 levels left

rFire  . . .     SeeInvis .     m - +0 spear
rCold  . . .     Gourm    .     x - +0 robe {rN+}
rNeg   + . .     Faith    .     (no shield)
rPois  .         Spirit   .     (helmet restricted)
rElec  .         Reflect  .     w - +0 cloak
rCorr  +         Harm     +     (no gloves)
MR     .....                    (boots unavailable)
Stlth  ++........               C - amulet of harm
                                t - ring of resist corrosion
                                n - +3 ring of intelligence

@: very slightly contaminated, invisible
A: beak, talons 3, able to fly 1
a: Fly


You were on level 4 of the Dungeon.
You were not hungry.

You visited 1 branch of the dungeon, and saw 5 of its levels.
You also visited: Sewer.

You collected 288 gold pieces.

Inventory:

Hand Weapons
 m - a +0 spear (weapon)
 o - a +0 hunting sling
 q - a +0 dagger
 v - a +2 quarterstaff of chaos
 z - a +0 blowgun
Missiles
 f - 2 throwing nets
 g - 430 stones (quivered)
 h - 30 poisoned needles
 y - 3 curare-tipped needles
Armour
 w - a +0 cloak (worn)
 x - a +0 robe of positive energy (worn)
Jewellery
 n - a +3 ring of intelligence (left hand)
 t - a ring of resist corrosion (right hand)
 C - an amulet of harm (around neck)
Scrolls
 e - 2 scrolls of teleportation {unknown}
 k - a scroll of enchant armour {unknown}
 l - 3 scrolls of enchant weapon {unknown}
 p - 2 scrolls of remove curse {unknown}
 s - 2 scrolls of amnesia {unknown}
 u - 3 scrolls of fear {unknown}
Potions
 j - a potion of berserk rage
 A - a potion of haste {unknown}
 B - 2 potions of lignification {unknown}
Books
 b - a book of Callings

   Spells                             Type                      Level
   a - Summon Small Mammal            Summoning                    1
   b - Call Imp                       Summoning                    2
   c - Call Canine Familiar           Summoning                    3
   d - Summon Guardian Golem          Hexes/Summoning              3
   e - Summon Lightning Spire         Summoning/Air                4
   f - Summon Ice Beast               Ice/Summoning                4
Comestibles
 a - a chunk of flesh
 c - a bread ration
 d - 3 meat rations


   Skills:
 - Level 2.0 Fighting
 + Level 3.1 Polearms
 + Level 4.9 Dodging
 - Level 3.0 Stealth
 + Level 3.4 Spellcasting
 * Level 6.4 Summonings
 + Level 1.0 Air Magic


You had 5 spell levels left.
You knew the following spells:

 Your Spells              Type           Power        Failure   Level  Hunger
a - Summon Small Mammal   Summ           ####         1%          1    None
b - Call Imp              Summ           ####....     1%          2    ##.....
c - Summon Lightning Spi  Summ/Air       ###.....     30%         4    ####...


Dungeon Overview and Level Annotations

Branches:
Dungeon (5/15)
 Temple: D:4-7

Altars:
Elyvilon
Makhleb
Nemelex Xobeh
Vehumet

Annotations:
D:4 Prince Ribbit


Innate Abilities, Weirdness & Mutations

You have a beak for a mouth.
You have claws for feet.
You can fly.


Message History

The iguana dies!
Your Air Magic skill increases to level 1!
Attack whom?
Press: ? - help, Dir - move target cursor, f/p - Prince Ribbit
Aim: Prince Ribbit (lightly wounded)
You reach to attack!
You closely miss Prince Ribbit.
Prince Ribbit is lightly wounded.
Prince Ribbit hits your crimson imp.
Your crimson imp dies!
Your crimson imp blinks!
You hit Prince Ribbit.
Prince Ribbit is lightly wounded.
Prince Ribbit hits you.
* * * LOW HITPOINT WARNING * * *
It was a potion of degeneration.
There was something very wrong with that liquid.
You feel weakened.
You feel dopey.
You feel clumsy. Prince Ribbit hits you!
Ouch! That really hurt!
You die...

.......## #...# #.#
#.....## #.#.### #.#
##...## #.#...# #.#
##'## #.###.# #.# #.#
#.# #.# #.#
##.########.###.###.#
#...<....##.........#
##.........#####.#####
#.....###..#####@#
##...#..>.....5F.#
#..##.##.ยง#######
##.........#
.......###.#
##.#######.#
#.........#
###########


You could see Prince Ribbit and a friendly iron imp.

Vanquished Creatures
  2 big kobolds (D:3)
  A bullfrog skeleton (D:4)
  Ijyb (D:2)
  A worker ant (D:4)
  A gnoll (D:3)
  5 adders
  2 oozes
  An adder skeleton (D:4)
  An adder zombie (D:5)
  A worm (D:3)
  4 dart slugs
  4 leopard geckos
  5 orcs (D:3)
  8 bats
  4 giant cockroaches
  8 goblins
  3 hobgoblins
  2 jackals (D:2)
  38 kobolds
  4 quokkas
  A ball python (D:2)
  5 frilled lizards
  4 rats
106 creatures vanquished.

Vanquished Creatures (collateral kills)
  Menkaure (D:4)
  A crocodile (Sewer)
  2 big kobolds (D:3)
  Crazy Yiuf (D:2)
  An iguana (D:4)
  2 gnolls (D:3)
  2 adders (D:2)
  A worm (D:2)
  A dart slug (D:3)
  2 leopard geckos (D:4)
  An orc (D:3)
  A giant cockroach (D:4)
  5 hobgoblins
  11 kobolds
  A quokka (D:4)
  A ball python (D:3)
  A rat (D:2)
35 creatures vanquished.

Grand Total: 141 creatures vanquished

Notes
Turn   | Place    | Note
-------+----------+-------------------------------------------
     0 | D:1      | blider the Tengu Summoner began the quest for the Orb.
     0 | D:1      | Reached XP level 1. HP: 10/10 MP: 4/4
   275 | D:1      | Reached XP level 2. HP: 13/15 MP: 6/6
   420 | D:1      | Learned a level 2 spell: Call Imp
   440 | D:1      | Reached skill level 5 in Summonings
   932 | D:2      | Reached XP level 3. HP: 20/20 MP: 7/7
  1053 | D:2      | Found a runed door.
  1067 | D:2      | Noticed Ijyb
  1089 | D:2      | Killed Ijyb
  1089 | D:2      | Reached skill level 1 in Fighting
  1266 | D:2      | Found a radiant altar of Vehumet.
  1345 | D:2      | Reached XP level 4. HP: 25/25 MP: 8/8
  1618 | D:2      | Noticed Crazy Yiuf
  1624 | D:2      | Killed Crazy Yiuf
  1917 | D:3      | Found a sparkling altar of Nemelex Xobeh.
  1947 | D:3      | Found a faded altar of an unknown god.
  1966 | D:3      | Found a white marble altar of Elyvilon.
  1997 | D:3      | Reached skill level 1 in Polearms
  2249 | D:3      | Gained mutation: You can fly. [Tengu growth]
  2249 | D:3      | Reached XP level 5. HP: 11/30 MP: 5/9
  2507 | D:3      | Found a burning altar of Makhleb.
  2702 | D:3      | Noticed a big kobold
  2749 | D:3      | Killed a big kobold
  3356 | D:3      | Noticed a big kobold
  3359 | D:3      | Noticed a big kobold
  3426 | D:3      | Killed a big kobold
  3426 | D:3      | Reached XP level 6. HP: 35/35 MP: 7/10
  4255 | D:4      | Noticed Menkaure
  4544 | D:4      | Reached skill level 6 in Summonings
  4619 | D:4      | Reached XP level 7. HP: 12/40 MP: 10/12
  4684 | D:4      | Found a glowing drain.
  4698 | Sewer    | Entered a sewer
  5504 | D:4      | Killed Menkaure
  5510 | D:4      | Learned a level 4 spell: Summon Lightning Spire
  5672 | D:5      | Entered Level 5 of the Dungeon
  5812 | D:5      | Noticed Prince Ribbit
  5847 | D:4      | Reached skill level 1 in Air Magic
  5849 | D:4      | HP: 1/40 [Prince Ribbit (7)]
  5850 | D:4      | Demolished by Prince Ribbit

Skill      XL: |  1  2  3  4  5  6  7 |
---------------+----------------------+-----
Summonings     | 5 6 |  6.4
Fighting       | 1 2 |  2.0
Dodging        | 3 4 |  4.9
Stealth        | 3 |  3.0
Polearms       | 1 2 3 |  3.1
Spellcasting   | 3 |  3.4
Air Magic      | 1 |  1.0

Action                   |  1- 3 |  4- 6 |  7- 9 || total
-------------------------+-------+-------+-------++-------
Melee: Spear             |    65 |   354 |   100 ||   519
       Unarmed           |     6 |       |       ||     6
       Kick              |     9 |    52 |    16 ||    77
       Peck              |     7 |    31 |    11 ||    49
 Fire: Blowgun           |       |     3 |       ||     3
Throw: Stone             |    34 |     4 |       ||    38
 Cast: Summon Small Mamm |     5 |     5 |       ||    10
       Call Imp          |     3 |    19 |    14 ||    36
  Use: Potion            |       |     2 |     2 ||     4
       Scroll            |       |     1 |       ||     1
 Stab: Sleeping          |     2 |     8 |     3 ||    13
       Distracted        |       |     1 |     1 ||     2
  Eat: Chunk             |     2 |    10 |     5 ||    17
       Pizza             |       |     1 |       ||     1
Armor: Robe              |     8 |    39 |    24 ||    71
Dodge: Dodged            |    22 |   238 |    91 ||   351
